TOP OF THE 1ST |
University of Virginia Cavaliers batting - Pitching for Arizona State University Sun Devils : RHP Anthony Klein
|
Pitching: RHP Anthony Klein
|
|
Batting: RHB Jim Unknown
|
0-0: Swinging Strike 0-1: Ball 1-1: Ground out 6-3 (Groundball, 6M, EV 88.8 MPH)
|
Batting: RHB Rob Price
|
0-0: Called Strike 0-1: Ball 1-1: Swinging Strike 1-2: Hit by Pitch
|
Batting: RHB Eric McClelland
|
0-0: Ball 1-0: Ball 2-0: Called Strike 2-1: Called Strike 2-2: Ball 3-2: Strikes out swinging
|
Batting: RHB Jim Unknown
|
0-0: Ball 1-0: Foul Ball, location: 2F 1-1: Swinging Strike 1-2: Ball 2-2: Ground out 4-3 (Groundball, 34, EV 105.0 MPH)
|
Top of the 1st over - 0 runs, 0 hits, 0 errors, 1 left on base; University of Virginia 0 - Arizona State University 0 |
BOTTOM OF THE 1ST |
Arizona State University Sun Devils batting - Pitching for University of Virginia Cavaliers : RHP Melvin Orengo
|
Pitching: RHP Melvin Orengo
|
|
Batting: LHB Eddie Lemus
|
0-0: Ball 1-0: Foul Ball, location: 2F 1-1: Ball 2-1: SINGLE (Groundball, 56D, EV 104.4 MPH)
|
Batting: RHB Tchaa Kombate
|
0-0: Ball 1-0: Called Strike 1-1: Ball 2-1: Called Strike 2-2: Ball 3-2: Foul Ball, location: 2F 3-2: Strikes out swinging
|
Batting: LHB Pedro Garza
|
0-0: Called Strike 0-1: Ball 1-1: Ball 2-1: Fielders Choice at 2nd, 6-4 (Groundball, 6MS, EV 85.6 MPH)
|
Batting: LHB Kazuyoshi Ikeda
|
0-0: Swinging Strike 0-1: Foul Ball, location: 2F 0-2: Hit by Pitch Pedro Garza to second
|
Batting: RHB Adrian Quilantan
|
0-0: Ball 1-0: Foul Ball, location: 9LSF, Error on foul ball, E9 1-1: Ball 2-1: Fly out, F8 (Flyball, 89D, EV 101.2 MPH)
|
Bottom of the 1st over - 0 runs, 1 hit, 1 error, 2 left on base; University of Virginia 0 - Arizona State University 0 |
TOP OF THE 2ND |
University of Virginia Cavaliers batting - Pitching for Arizona State University Sun Devils : RHP Anthony Klein
|
Batting: RHB Alexis Graciani
|
0-0: SINGLE (Line Drive, 9S, EV 111.9 MPH)
|
Batting: RHB Jim Unknown
|
0-0: Ball Passed Ball! Alexis Graciani to second 1-0: Swinging Strike 1-1: Ball 2-1: Swinging Strike 2-2: Foul Ball, location: 2F 2-2: Foul Ball, location: 2F 2-2: Strikes out swinging
|
Batting: RHB Jesus Diego
|
0-0: Called Strike 0-1: Swinging Strike 0-2: SINGLE (Groundball, 6D, EV 101.2 MPH) Alexis Graciani to third
|
Batting: RHB Carlos Castillo
|
0-0: Swinging Strike 0-1: Grounds into double play, 4-6-3 (Groundball, 4, EV 88.1 MPH)
|
Top of the 2nd over - 0 runs, 2 hits, 0 errors, 1 left on base; University of Virginia 0 - Arizona State University 0 |
BOTTOM OF THE 2ND |
Arizona State University Sun Devils batting - Pitching for University of Virginia Cavaliers : RHP Melvin Orengo
|
Batting: RHB Wilfrid Telgen
|
0-0: Ball 1-0: Called Strike 1-1: Ball 2-1: Swinging Strike 2-2: Strikes out swinging
|
Pitching: LHP Jim Unknown
|
|
Batting: RHB Bobby Johannsen
|
0-0: Ball 1-0: Ground out 6-3 (Groundball, 6, EV 100.6 MPH)
|
Batting: RHB Arturo Gomez
|
0-0: Called Strike 0-1: Reached on error, E6 (Groundball, 6S, EV 70.0 MPH)
|
Batting: LHB Kenny Jackson
|
0-0: Ball 1-0: Called Strike 1-1: Foul Ball, location: 2F 1-2: Ball 2-2: Ball 3-2: Base on Balls Arturo Gomez to second
|
Batting: LHB Eddie Lemus
|
0-0: Foul Ball, location: 2F 0-1: Foul Ball, location: 2F 0-2: Fly out, F5 (Line Drive, 5, EV 71.9 MPH)
|
Bottom of the 2nd over - 0 runs, 0 hits, 1 error, 2 left on base; University of Virginia 0 - Arizona State University 0 |
TOP OF THE 3RD |
University of Virginia Cavaliers batting - Pitching for Arizona State University Sun Devils : RHP Anthony Klein
|
Batting: RHB Jim Unknown
|
0-0: Ball 1-0: Ball 2-0: Ball 3-0: Called Strike 3-1: SINGLE (Groundball, 6MD, EV 105.0 MPH)
|
Batting: RHB Jim Unknown
|
0-0: Fly out, F8 (Flyball, 8RM, EV 86.2 MPH)
|
Batting: RHB Rob Price
|
0-0: Ball 1-0: Ball 2-0: Called Strike 2-1: Fielders Choice at 2nd, 5-4 (Groundball, 56S, EV 81.2 MPH)
|
Batting: RHB Eric McClelland
|
0-0: Ball 1-0: Ball 2-0: Fly out, F9 (Flyball, 89S, EV 94.4 MPH)
|
Top of the 3rd over - 0 runs, 1 hit, 0 errors, 1 left on base; University of Virginia 0 - Arizona State University 0 |
BOTTOM OF THE 3RD |
Arizona State University Sun Devils batting - Pitching for University of Virginia Cavaliers : LHP Jim Unknown
|
Batting: RHB Tchaa Kombate
|
0-0: Ball 1-0: Called Strike 1-1: Ball 2-1: Ball 3-1: Base on Balls
|
Batting: LHB Pedro Garza
|
0-0: Ball 1-0: Called Strike 1-1: SINGLE (Groundball, 4MD, EV 103.8 MPH) Tchaa Kombate to second
|
Batting: LHB Kazuyoshi Ikeda
|
0-0: Ball Wild Pitch! Tchaa Kombate to third Pedro Garza to second 1-0: Called Strike 1-1: SINGLE (Groundball, P, EV 80.6 MPH) (infield hit) Tchaa Kombate scores Pedro Garza to third
|
Batting: RHB Adrian Quilantan
|
0-0: Fielders Choice at 2nd, 4-6 (Groundball, 4, EV 87.5 MPH) Pedro Garza scores
|
Batting: RHB Wilfrid Telgen
|
0-0: Fly out, F7 (Flyball, 7LD, EV 93.8 MPH)
|
Batting: RHB Bobby Johannsen
|
0-0: Ball 1-0: Ball 2-0: Ball 3-0: Base on Balls Adrian Quilantan to second
|
Batting: RHB Arturo Gomez
|
0-0: Swinging Strike Balk! Adrian Quilantan to third Bobby Johannsen to second 0-1: Ball 1-1: Ball 2-1: Ball 3-1: Single, Error in OF, E8, batter to second base (Groundball, 6MD, EV 108.1 MPH) Adrian Quilantan scores Bobby Johannsen scores
|
Pitching: LHP Jim Unknown
|
|
Batting: LHB Kenny Jackson
|
0-0: Called Strike 0-1: Ball 1-1: Called Strike 1-2: Fly out, F5 (Popup, 5SF, EV 68.1 MPH)
|
Bottom of the 3rd over - 4 runs, 3 hits, 1 error, 1 left on base; University of Virginia 0 - Arizona State University 4 |
TOP OF THE 4TH |
University of Virginia Cavaliers batting - Pitching for Arizona State University Sun Devils : RHP Anthony Klein
|
Batting: RHB Jim Unknown
|
0-0: Ball 1-0: Ground out 6-3 (Groundball, 6, EV 88.8 MPH)
|
Batting: RHB Alexis Graciani
|
0-0: Ball 1-0: Called Strike 1-1: Ball 2-1: Foul Ball, location: 2F 2-2: Ground out 6-3 (Groundball, 6, EV 86.9 MPH)
|
Batting: RHB Jim Unknown
|
0-0: Ball 1-0: Swinging Strike 1-1: Swinging Strike 1-2: Ball 2-2: Foul Ball, location: 2F 2-2: Ground out 6-3 (Groundball, 6M, EV 84.4 MPH)
|
Top of the 4th over - 0 runs, 0 hits, 0 errors, 0 left on base; University of Virginia 0 - Arizona State University 4 |
BOTTOM OF THE 4TH |
Arizona State University Sun Devils batting - Pitching for University of Virginia Cavaliers : LHP Jim Unknown
|
Batting: LHB Eddie Lemus
|
0-0: Ball 1-0: Ball 2-0: Called Strike 2-1: Ground out 6-3 (Groundball, 6, EV 82.5 MPH)
|
Batting: RHB Tchaa Kombate
|
0-0: Called Strike 0-1: Ball 1-1: Foul Ball, location: 2F 1-2: Strikes out swinging
|
Batting: LHB Pedro Garza
|
0-0: Ball 1-0: Called Strike 1-1: Called Strike 1-2: Foul Ball, location: 2F 1-2: Fly out, F9 (Flyball, 9, EV 83.8 MPH)
|
Bottom of the 4th over - 0 runs, 0 hits, 0 errors, 0 left on base; University of Virginia 0 - Arizona State University 4 |
TOP OF THE 5TH |
University of Virginia Cavaliers batting - Pitching for Arizona State University Sun Devils : RHP Anthony Klein
|
Batting: RHB Jesus Diego
|
0-0: Ball 1-0: SINGLE (Line Drive, 7LS, EV 103.1 MPH)
|
Batting: RHB Carlos Castillo
|
0-0: Hit by Pitch Jesus Diego to second
|
Batting: RHB Jim Unknown
|
0-0: Ball 1-0: Called Strike 1-1: Ball 2-1: Called Strike 2-2: Foul Ball, location: 2F 2-2: Strikes out swinging
|
Batting: RHB Jim Unknown
|
0-0: Called Strike 0-1: Ball 1-1: Called Strike 1-2: Strikes out looking
|
Batting: RHB Rob Price
|
0-0: Ground out 4-3 (Groundball, 4, EV 107.5 MPH)
|
Top of the 5th over - 0 runs, 1 hit, 0 errors, 2 left on base; University of Virginia 0 - Arizona State University 4 |
BOTTOM OF THE 5TH |
Arizona State University Sun Devils batting - Pitching for University of Virginia Cavaliers : LHP Jim Unknown
|
Batting: LHB Kazuyoshi Ikeda
|
0-0: Ball 1-0: Foul Ball, location: 2F 1-1: Ball 2-1: Ball 3-1: Base on Balls
|
Batting: RHB Adrian Quilantan
|
0-0: Called Strike 0-1: Called Strike 0-2: Fly out, F8 (Line Drive, 8RD, EV 88.8 MPH)
|
Batting: RHB Wilfrid Telgen
|
0-0: Foul Ball, location: 2F 0-1: Foul Ball, location: 2F 0-2: Ball 1-2: Ball 2-2: Ball 3-2: Base on Balls Kazuyoshi Ikeda to second
|
Batting: RHB Bobby Johannsen
|
0-0: SINGLE (Line Drive, 9S, EV 93.8 MPH) Kazuyoshi Ikeda to third Wilfrid Telgen to second Runner from 3rd tries for Home, SAFE, throw by RF to home
|
Batting: RHB Arturo Gomez
|
0-0: SINGLE (Flyball, 5D, EV 86.2 MPH) Wilfrid Telgen to third Bobby Johannsen to second
|
Batting: LHB Kenny Jackson
|
0-0: Swinging Strike 0-1: Ball 1-1: Foul Ball, location: 2F 1-2: Ball 2-2: Ball 3-2: SINGLE (Flyball, 78S, EV 91.9 MPH) Wilfrid Telgen scores Bobby Johannsen to third Arturo Gomez to second Throwing error, E7 Bobby Johannsen scores Arturo Gomez to third Kenny Jackson to second
|
Batting: LHB Eddie Lemus
|
0-0: Swinging Strike 0-1: Foul Ball, location: 2F 0-2: SINGLE (Groundball, 6S, EV 94.4 MPH) Arturo Gomez scores Kenny Jackson to third Throwing error, E7 Kenny Jackson scores Eddie Lemus to second
|
Pitching: RHP Jim Unknown
|
|
Batting: RHB Tchaa Kombate
|
0-0: Called Strike 0-1: Ball 1-1: Swinging Strike 1-2: Foul Ball, location: 2F 1-2: SINGLE (Line Drive, 7S, EV 88.1 MPH) Eddie Lemus to third
|
Batting: LHB Pedro Garza
|
0-0: Called Strike 0-1: Ball 1-1: Ball 2-1: Called Strike 2-2: Fly out, F3 (Popup, 3SF, EV 84.4 MPH)
|
Batting: LHB Kazuyoshi Ikeda
|
0-0: Ground out 4-3 (Groundball, 4, EV 88.8 MPH)
|
Bottom of the 5th over - 5 runs, 5 hits, 2 errors, 2 left on base; University of Virginia 0 - Arizona State University 9 |
TOP OF THE 6TH |
University of Virginia Cavaliers batting - Pitching for Arizona State University Sun Devils : RHP Anthony Klein
|
Batting: RHB Eric McClelland
|
0-0: Foul Ball, location: 2F 0-1: Foul Ball, location: 2F 0-2: Ball 1-2: Ball 2-2: Ball 3-2: Foul Ball, location: 2F 3-2: Fly out, F8 (Flyball, 8RD, EV 91.2 MPH)
|
Batting: RHB Jim Unknown
|
0-0: Ball 1-0: Swinging Strike 1-1: Fly out, F1 (Line Drive, P, EV 63.8 MPH)
|
Batting: RHB Alexis Graciani
|
0-0: Ball 1-0: Foul Ball, location: 2F 1-1: Foul Ball, location: 2F 1-2: Foul Ball, location: 2F 1-2: Strikes out swinging
|
Top of the 6th over - 0 runs, 0 hits, 0 errors, 0 left on base; University of Virginia 0 - Arizona State University 9 |
BOTTOM OF THE 6TH |
Arizona State University Sun Devils batting - Pitching for University of Virginia Cavaliers : RHP Jim Unknown
|
Batting: RHB Adrian Quilantan
|
0-0: Called Strike 0-1: Foul Ball, location: 2F 0-2: Ball 1-2: Ball 2-2: Ball 3-2: Base on Balls
|
Batting: RHB Wilfrid Telgen
|
0-0: Ball 1-0: Ball 2-0: Foul Ball, location: 2F 2-1: Ball 3-1: Base on Balls Adrian Quilantan to second
|
Batting: RHB Bobby Johannsen
|
0-0: Ball 1-0: Foul Ball, location: 2F 1-1: Ball 2-1: Called Strike 2-2: Fielders Choice at 2nd, 6-4 (Groundball, 6, EV 80.6 MPH) Adrian Quilantan to third
|
Batting: RHB Arturo Gomez
|
0-0: Ball 1-0: Ball 2-0: Foul Ball, location: 2F 2-1: Foul Ball, location: 2F 2-2: Ball 3-2: Foul Ball, location: 2F 3-2: Strikes out swinging
|
Batting: LHB Kenny Jackson
|
0-0: Ground out U3 (Groundball, 3L, EV 89.4 MPH)
|
Bottom of the 6th over - 0 runs, 0 hits, 0 errors, 2 left on base; University of Virginia 0 - Arizona State University 9 |
TOP OF THE 7TH |
University of Virginia Cavaliers batting - Pitching for Arizona State University Sun Devils : RHP Anthony Klein
|
Batting: RHB Jim Unknown
|
0-0: Ball 1-0: Fly out, F7 (Flyball, 78M, EV 92.5 MPH)
|
Batting: RHB Jesus Diego
|
0-0: Fly out, F8 (Line Drive, 8RD, EV 96.9 MPH)
|
Batting: RHB Carlos Castillo
|
0-0: Called Strike 0-1: Foul Ball, location: 2F 0-2: Ball 1-2: Strikes out swinging
|
Top of the 7th over - 0 runs, 0 hits, 0 errors, 0 left on base; University of Virginia 0 - Arizona State University 9 |
BOTTOM OF THE 7TH |
Arizona State University Sun Devils batting - Pitching for University of Virginia Cavaliers : RHP Jim Unknown
|
Batting: LHB Eddie Lemus
|
0-0: Ball 1-0: Ball 2-0: Foul Ball, location: 2F 2-1: Ball 3-1: Ground out U3 (Groundball, 3, EV 84.4 MPH)
|
Batting: RHB Tchaa Kombate
|
0-0: Ball 1-0: Called Strike 1-1: Swinging Strike 1-2: Strikes out looking
|
Batting: LHB Pedro Garza
|
0-0: Ball 1-0: Ball 2-0: Ball 3-0: Base on Balls
|
Batting: LHB Kazuyoshi Ikeda
|
0-0: Ball 1-0: Called Strike 1-1: Foul Ball, location: 2F 1-2: Foul Ball, location: 2F 1-2: Fly out, F8 (Line Drive, 8RM, EV 94.4 MPH)
|
Bottom of the 7th over - 0 runs, 0 hits, 0 errors, 1 left on base; University of Virginia 0 - Arizona State University 9 |
TOP OF THE 8TH |
University of Virginia Cavaliers batting - Pitching for Arizona State University Sun Devils : RHP Anthony Klein
|
Batting: RHB Jim Unknown
|
0-0: Ball 1-0: Ball 2-0: Called Strike 2-1: Swinging Strike 2-2: Foul Ball, location: 2F 2-2: Foul Ball, location: 2F 2-2: Strikes out looking
|
Pitching: RHP Sho Fukumoto
|
|
Batting: RHB Jim Unknown
|
0-0: Ball 1-0: SINGLE (Groundball, 6, EV 96.9 MPH)
|
Batting: RHB Rob Price
|
0-0: Ball 1-0: Ball 2-0: Ball 3-0: Base on Balls Jim Unknown to second
|
Batting: RHB Mario Morales
|
0-0: Foul Ball, location: 2F 0-1: Ball 1-1: Swinging Strike 1-2: Ball 2-2: SINGLE (Line Drive, 9LS, EV 95.6 MPH) Jim Unknown to third Rob Price to second Runner from 3rd tries for Home, SAFE, throw by RF to home
|
Batting: RHB Jim Unknown
|
0-0: Ball 1-0: Called Strike 1-1: Called Strike 1-2: Fly out, F9 (Line Drive, 9D, EV 101.9 MPH)
|
Batting: RHB Alexis Graciani
|
0-0: Ball 1-0: Ball 2-0: Foul Ball, location: 2F 2-1: Ball 3-1: Swinging Strike 3-2: Ground out 6-3 (Groundball, 6, EV 80.0 MPH)
|
Top of the 8th over - 1 run, 2 hits, 0 errors, 2 left on base; University of Virginia 1 - Arizona State University 9 |
BOTTOM OF THE 8TH |
Arizona State University Sun Devils batting - Pitching for University of Virginia Cavaliers : RHP Jim Unknown
|
Batting: RHB Adrian Quilantan
|
0-0: Called Strike 0-1: Ball 1-1: Ball 2-1: Ball 3-1: Base on Balls
|
Pitching: RHP Jim Unknown
|
|
Batting: RHB Wilfrid Telgen
|
0-0: Foul Ball, location: 2F 0-1: Hit by Pitch Adrian Quilantan to second
|
Batting: RHB Bobby Johannsen
|
0-0: Called Strike 0-1: SINGLE (Groundball, 5S, EV 68.1 MPH) (infield hit) Adrian Quilantan to third Wilfrid Telgen to second
|
Batting: RHB Arturo Gomez
|
0-0: Foul Ball, location: 2F 0-1: Foul Ball, location: 2F 0-2: Fly out, F9 (Flyball, 9LS, EV 88.8 MPH)
|
Batting: LHB Kenny Jackson
|
0-0: DOUBLE (Groundball, 3L, EV 103.1 MPH) Adrian Quilantan scores Wilfrid Telgen scores Bobby Johannsen to third
|
Batting: LHB Eddie Lemus
|
0-0: SINGLE (Groundball, 4M, EV 96.9 MPH) Bobby Johannsen scores Kenny Jackson to third Runner from 3rd tries for Home, SAFE, throw by CF to home
|
Batting: RHB Tchaa Kombate
|
0-0: Called Strike 0-1: Ball 1-1: Foul Ball, location: 2F 1-2: Foul Ball, location: 2F 1-2: Ball 2-2: SINGLE (Groundball, 56D, EV 103.8 MPH) Eddie Lemus to second
|
Batting: LHB Pedro Garza
|
0-0: Ball 1-0: Grounds into double play, 4-6-3 (Groundball, 4, EV 84.4 MPH)
|
Bottom of the 8th over - 4 runs, 4 hits, 0 errors, 1 left on base; University of Virginia 1 - Arizona State University 13 |
TOP OF THE 9TH |
University of Virginia Cavaliers batting - Pitching for Arizona State University Sun Devils : RHP Sho Fukumoto
|
Batting: RHB Jim Unknown
|
0-0: Called Strike 0-1: Swinging Strike 0-2: Strikes out looking
|
Batting: RHB Jesus Diego
|
0-0: Ball 1-0: Foul Ball, location: 2F 1-1: Ball 2-1: Ground out 6-3 (Groundball, 6, EV 90.6 MPH)
|
Batting: RHB Carlos Castillo
|
0-0: Ball 1-0: Called Strike 1-1: Ball 2-1: Ball 3-1: Swinging Strike 3-2: Foul Ball, location: 2F 3-2: Foul Ball, location: 2F 3-2: Base on Balls
|
Batting: RHB Jim Unknown
|
0-0: Called Strike 0-1: Foul Ball, location: 2F 0-2: Ball 1-2: Ball 2-2: Ball 3-2: 2-RUN HOME RUN (Flyball, 9LD, EV 90.6 MPH), Distance : 335 ft
|
Pitching: LHP Jim Unknown
|
|
Batting: RHB Jim Unknown
|
0-0: Ball 1-0: SINGLE (Line Drive, 6D, EV 93.8 MPH)
|
Batting: RHB Rob Price
|
0-0: Ball 1-0: Called Strike 1-1: Ground out 3-1 (Groundball, 34S, EV 88.8 MPH)
|
Top of the 9th over - 2 runs, 2 hits, 0 errors, 1 left on base; University of Virginia 3 - Arizona State University 13 |
|